 Dungeon Crawl Stone Soup version 0.27.1-2-g3b301248ec (webtiles) character file.

Game seed: 10768013270314229472

468 barney the Changer (level 6, 0/47 HPs)
             Began as a Draconian Transmuter on Sept 27, 2021.
             Was a Follower of Cheibriados.
             Succumbed to an adder's poison
             ... on level 4 of the Dungeon.
             The game lasted 00:06:25 (5675 turns).

barney the Changer (Draconian Transmuter)           Turns: 5675, Time: 00:06:25

Health: 0/47       AC: -6    Str: 15      XL:     6   Next: 81%
Magic:  7/9        EV: 19    Int: 19      God:    Cheibriados [*.....]
Gold:   53         SH:  0    Dex: 17 (19) Spells: 3/9 levels left

rFire    . . .     SeeInvis .     - Unarmed
rCold    . . .     Faith    .   (shield currently unavailable)
rNeg     . . .     Spirit   .   (armour unavailable)
rPois    x         Reflect  .   (helmet currently unavailable)
rElec    .         Harm     .   (cloak currently unavailable)
rCorr    .         Rampage  .   (gloves currently unavailable)
Will     .....                  (boots currently unavailable)
Stlth    ++........             e - amulet of magic regeneration
HPRegen  0.15/turn              (no ring)
MPRegen  0.36/turn              (no ring)

@: lethally poisoned (0 -> -1), spider-form, corroded, very slow
A: venomous fangs, AC +6, tiny, unfitting armour, (cold-blooded)
a: End Transformation, Renounce Religion, Bend Time


You were on level 4 of the Dungeon.
You worshipped Cheibriados.
Cheibriados was aware of your devotion.
You were a venomous arachnid creature.
You visited 1 branch of the dungeon, and saw 4 of its levels.

You collected 53 gold pieces.

Inventory:

Hand Weapons
 b - a +1 dagger of protection
 h - a +0 scimitar of holy wrath (melded)
 m - a +2 vampiric dagger
Armour
 k - a scarf of resistance (melded)
Magical Staves
 f - a staff of cold
Jewellery
 e - an amulet of magic regeneration (around neck)
Wands
 c - a wand of charming (1)
 l - a wand of iceblast (9)
Scrolls
 j - a scroll of noise {unknown}
Potions
 d - a potion of degeneration


   Skills:
 - Level 1.1 Fighting
 - Level 1.7 Dodging
 + Level 4.5 Unarmed Combat
 - Level 2.0 Spellcasting
 * Level 6.6 Transmutations


You had 3 spell levels left.
You knew the following spells:

 Your Spells              Type           Power      Damage    Failure   Level
a - Beastly Appendage     Tmut           52%        N/A       5%          1
b - Spider Form           Tmut/Pois      7%         N/A       30%         3
c - Wereblood             Tmut           26%        N/A       7%          2

Your spell library contained the following spells:

 Spells                   Type           Power      Damage    Failure   Level
 Ice Form                 Ice/Tmut       14%        N/A       63%         4
 Fulminant Prism          Conj/Hex       0%         3d6       95%         4
 Iskenderun's Mystic Bla  Conj/Tloc      1%         2d3       95%         4
 Lee's Rapid Deconstruct  Erth           0%         3d5*      100%        5


Dungeon Overview and Level Annotations

Branches:
Dungeon (4/15)
 Temple: D:4-7

Altars:
Cheibriados
Qazlal
Ru
Zin

Shops:
D:4 *


Innate Abilities, Weirdness & Mutations

You are a venomous arachnid creature.
You have poisonous fangs.
You are tiny and dextrous.
Your spellcasting is less reliable in this form.
Your armour is entirely melded.
You are incapable of wielding weapons or throwing items.
((Your plain brown scales are hard. (AC +6)))
You cannot fit into any form of body armour.
((You are cold-blooded and may be slowed by cold attacks.))


Message History

Your front legs burn!
The jelly is heavily wounded.
Your transformation has ended.
Your +0 scimitar of holy wrath unmelds from your body.
Your scarf of resistance unmelds from your body.
Your +0 scimitar of holy wrath softly glows with a divine radiance!
You feel resistant to extremes of temperature.
The jelly hits you. The acid corrodes you!
You are splashed with acid!
* * * LOW HITPOINT WARNING * * *
You feel much better.
You feel sick. The jelly hits you.
You are splashed with acid!
* * * LOW HITPOINT WARNING * * *
Unknown command.
Okay, then.
Okay, then.
Casting: Spider Form (dangerous; 14% risk of failure)
Confirm with . or Enter, or press ? or * to list all spells.
You turn into a venomous arachnid creature.
Your +0 scimitar of holy wrath melds into your body.
Your scarf of resistance melds into your body.
Your +0 scimitar of holy wrath stops glowing.
You feel hot and cold all over.
You feel sick. The jelly closely misses you.
You hit the jelly but do no damage.
Your front legs burn!
* * * LOW HITPOINT WARNING * * *
The jelly is severely wounded.
You hit the jelly.
The jelly looks as sick as possible!
Your front legs burn!
* * * LOW HITPOINT WARNING * * *
The jelly is almost dead.
* * * LOW HITPOINT WARNING * * *
You feel sick. The jelly barely misses you.
Okay, then.
You hit the jelly.
You kill the jelly!
Cheibriados thoroughly appreciates the change of pace.
Cheibriados raises the support of your attributes as your movement slows.
Okay, then.
As you read the scroll labelled LAMUACS ZEUFAICI, it crumbles to dust.
You assume a fearsome visage.
Nothing appears to happen.
It was a scroll of fear.
You die...

... ................
#####.######.......)..≈≈
...........###.##....≈≈.
#..........# #.###....≈≈
#.........###.# #...≈≈.
.............# ##.≈≈..
###.....##### #.....
##....# ##..## . #s####
#..## #.. ##†# ##.##
#....###..# #.##
[..S.[...## #.##
#!##...### #..# #....
##.# ......# #.# .....#
##.. ##### #...


There were no monsters in sight!

Vanquished Creatures
  A scorpion (D:4)
  2 water moccasin skeletons (D:4)
  An orc priest (D:4)
  A jelly (D:4)
  Ijyb (D:3)
  An orc wizard (D:4)
  A mummy (D:3)
  4 gnolls (D:3)
  4 adders
  An adder skeleton (D:4)
  2 worms
  2 dart slugs (D:3)
  5 orcs (D:4)
  8 ball pythons
  5 bats
  9 endoplasms
  2 giant cockroaches
  13 goblins
  9 hobgoblins
  4 quokkas
  4 frilled lizards
  10 kobolds
  A quokka skeleton (D:4)
  7 rats
98 creatures vanquished.

Notes
Turn   | Place    | Note
-------+----------+-------------------------------------------
     0 | D:1      | barney the Draconian Transmuter began the quest for the
                  | Orb.
     0 | D:1      | Reached XP level 1. HP: 16/16 MP: 3/3
   113 | D:1      | Found a faded altar of an unknown god.
   116 | D:1      | Reached XP level 2. HP: 21/23 MP: 3/5
   262 | D:1      | Reached skill level 3 in Transmutations
   846 | D:2      | Reached XP level 3. HP: 23/28 MP: 4/6
   861 | D:2      | Learned a level 3 spell: Spider Form
  1102 | D:2      | Reached skill level 4 in Transmutations
  1925 | D:2      | Learned a level 2 spell: Wereblood
  2294 | D:3      | Reached XP level 4. HP: 30/35 MP: 4/7
  2528 | D:3      | Found a stormy altar of Qazlal.
  2551 | D:3      | Noticed Ijyb
  2571 | D:3      | Killed Ijyb
  2858 | D:3      | Reached skill level 5 in Transmutations
  2858 | D:3      | Reached XP level 5. HP: 39/40 MP: 8/8
  3102 | D:3      | Found a snail-covered altar of Cheibriados.
  3406 | D:3      | Became a worshipper of Cheibriados the Contemplative
  4554 | D:4      | Reached XP level 6. HP: 29/47 MP: 7/9
  4626 | D:4      | Reached * piety under Cheibriados
  4732 | D:4      | Reached skill level 6 in Transmutations
  5057 | D:4      | Found a sacrificial altar of Ru.
  5459 | D:4      | Found Zin's Purification Station.
  5461 | D:4      | Found a glowing silver altar of Zin.
  5673 | D:4      | HP: 2/47 [acid (5)]
  5675 | D:4      | Succumbed to an adder's poison

Illustrated notes

Levels and vault maps discovered:
D:1:      amcnicky_arrival_wind_blow, layout_basic,
          shapermc_ecumenical_altar_starsandcircs, serial_bayou_pond_e,
          fountainhead, minmay_splitting_lines, amethyst_killhole
D:2:      layout_rooms, minmay_pentomino_p4
D:3:      layout_basic, slow_altar_1, mainiacjoe_overflow_paths,
          roderic_serpentine_path, minmay_puff, uniq_ijyb
D:4:      layout_basic, mainiacjoe_overflow_brackets, zin_purify, dk_vineyard_3,
          minmay_three_crescents

Skill      XL: |  1  2  3  4  5  6 |
---------------+-------------------+-----
Transmutations | 3 4 5 6 |  6.6
Unarmed Combat | 4 |  4.5
Fighting       | |  1.1
Dodging        | |  1.7
Spellcasting   | |  2.0

Action                   |  1- 3 |  4- 6 || total
-------------------------+-------+-------++-------
Melee: Unarmed           |    72 |    59 ||   131
       Kick              |     8 |     3 ||    11
       Dagger            |    88 |     6 ||    94
       Tailslap          |    15 |     8 ||    23
       Headbutt          |     3 |     4 ||     7
       Punch             |     2 |     4 ||     6
       Scimitar          |       |    86 ||    86
 Cast: Beastly Appendage |     8 |     4 ||    12
       Spider Form       |     3 |     8 ||    11
  Use: Potion            |       |     7 ||     7
       Scroll            |       |     2 ||     2
Armor: Skin              |    64 |    28 ||    92
Dodge: Dodged            |   119 |   111 ||   230
       Rpst.: Scimitar   |       |    15 ||    15
